 Dungeon Crawl Stone Soup version 0.28.0-1-gb440e238dd (webtiles) character file.

Game seed: 15509165710029507475

29 cbfl8 the Sneak (level 3, -5/33 HPs)
             Began as a Minotaur Delver on Feb 27, 2022.
             Slain by Prince Ribbit (7 damage)
             ... on level 5 of the Dungeon.
             The game lasted 00:00:23 (393 turns).

cbfl8 the Sneak (Minotaur Delver)                    Turns: 393, Time: 00:00:24

Health: -5/33      AC:  3    Str: 18    XL:     3   Next: 1%
Magic:  2/2        EV: 12    Int:  7    God:
Gold:   11         SH:  0    Dex: 11    Spells: 2/2 levels left

rFire   . . .      SeeInvis .   a - +0 hand axe
rCold   . . .      Faith    .   (no shield)
rNeg    . . .      Spirit   .   b - +0 leather armour
rPois   .          Reflect  .   (helmet restricted)
rElec   .          Harm     .   (no cloak)
rCorr   .          Rampage  .   (no gloves)
Will    .....                   (no boots)
Stlth   ++........              (no amulet)
HPRegen 0.11/turn               (no ring)
MPRegen 0.08/turn               (no ring)

@: no status effects
A: horns 2, retaliatory headbutt
a: no special abilities


You were on level 5 of the Dungeon.
You visited 1 branch of the dungeon, and saw 1 of its levels.

You collected 11 gold pieces.

Inventory:

Hand Weapons
 a - a +0 hand axe (weapon)
Armour
 b - a +0 leather armour (worn)
Wands
 g - a wand of digging (3)
Scrolls
 c - a scroll of fog
 d - 2 scrolls of magic mapping
 e - 2 scrolls of fear
Potions
 f - a potion of haste
 h - a potion of might {unknown}


   Skills:
 + Level 3.9 Fighting
 + Level 2.6 Axes
 + Level 0.2 Armour
 + Level 2.2 Dodging
 + Level 4.6 Stealth


You had 2 spell levels left.
You didn't know any spells.
Your spell library was empty.

Dungeon Overview and Level Annotations

Branches:
Dungeon (5/15)
 Temple: D:4-7

Altars:
Uskayaw

Annotations:
D:5 Grinder, Prince Ribbit


Innate Abilities, Weirdness & Mutations

You have a pair of horns on your head.
You reflexively headbutt those who attack you in melee.


Message History

The hound bites you. The hound closely misses you.
You slash the hound! Your headbutt misses the hound.
The hound is severely wounded.
The hound bites you.
You hit the hound. Your headbutt misses the hound.
The hound is almost dead.
The hound bites you.
* * * LOW HITPOINT WARNING * * *
The hound closely misses you.
You hit the hound.
The hound is almost dead.
The hound bites you.
* * * LOW HITPOINT WARNING * * *
The hound misses you.
You hit the hound.
You kill the hound!
You have reached level 2!
You have reached level 3!
Your experience leads to an increase in your attributes!
Increase (S)trength, (I)ntelligence, or (D)exterity?
You feel stronger. x2
You start resting.
You start resting.
You start resting.
HP restored.
You see here a hound skeleton.
d - 2 scrolls of magic mapping (gained 1)
Found a scroll labelled RUCLASEYDE.
Prince Ribbit comes into view.
Prince Ribbit croaks.
Prince Ribbit lets out a mournful croak.
Prince Ribbit blinks!
You barely miss Prince Ribbit. Your punch misses Prince Ribbit.
Prince Ribbit hits you! Prince Ribbit barely misses you.
You miss Prince Ribbit. Prince Ribbit hits you!
You closely miss Prince Ribbit. Prince Ribbit hits you!
* * * LOW HITPOINT WARNING * * *
Prince Ribbit misses you.
You barely miss Prince Ribbit. Prince Ribbit hits you!
You die...

....§§########..#
....≈§§.........#
....≈÷.########.#
.......#
####.####
###....#
#.......#
....♣..#
#.......#
###.♣.##
#.......# .##.♣.#
#....F..# .##.♣.#
#....@..# .##...#
#......?# .##...#
#..........#
.##._.#
#.......####
..#...# #.......#
..#...# #.......#
..#.♣.# #########
..#.♣.# ..#.♣.#


You could see Prince Ribbit.

Vanquished Creatures
  A hound (D:5)
1 creature vanquished.

Notes
Turn   | Place    | Note
-------+----------+-------------------------------------------
     0 | D:5      | cbfl8 the Minotaur Delver began the quest for the Orb.
     0 | D:5      | Reached XP level 1. HP: 19/19 MP: 0/0
    17 | D:5      | Noticed Grinder
    17 | D:5      | Noticed a phantom
    59 | D:5      | Found a hide-covered altar of Uskayaw.
    72 | D:5      | Noticed a hound
    84 | D:5      | Killed a hound
    85 | D:5      | Reached XP level 2. HP: 1/27 MP: 1/1
    85 | D:5      | Reached XP level 3. HP: 2/33 MP: 2/2
   383 | D:5      | Noticed Prince Ribbit
   392 | D:5      | HP: 1/33 [Prince Ribbit (12)]
   393 | D:5      | Slain by Prince Ribbit

Illustrated notes

Levels and vault maps discovered:
D:5:      layout_basic, kennysheep_mini_moat, mainiacjoe_overflow_boulevard,
          chequers_serial_rivers_micro_a, uniq_duvessa, uniq_prince_ribbit1,
          uniq_grinder

Action                   || total
-------------------------++-------
Melee: Hand axe          ||    11
Dodge: Dodged            ||     6
